 Dungeon Crawl Stone Soup version 0.22.1-2-g9c5b331 (webtiles) character file.

500 Fang the Chopper (level 7, 0/66 HPs)
             Began as a Gargoyle Berserker on Dec 7, 2018.
             Was a Priest of Trog.
             Slain by an ogre
             ... wielding a +0 giant club
              (9 damage)
             ... on level 5 of the Dungeon.
             The game lasted 00:03:29 (3740 turns).

Fang the Chopper (Gargoyle Berserker)               Turns: 3740, Time: 00:03:29

Health: 0/66       AC: 11    Str: 27    XL:     7   Next: 16%
Magic:  7/7        EV: 11    Int:  8    God:    Trog [***...]
Gold:   207        SH:  0    Dex:  9    Spells: 6/6 levels left

rFire    . . .     SeeInvis .   v - +0 war axe
rCold    + . .     Gourm    .   (no shield)
rNeg     + + .     Faith    .   m - +0 scale mail
rPois    ∞         Spirit   .   (no helmet)
rElec    +         Reflect  .   (no cloak)
rCorr    .         Harm     .   (no gloves)
MR       .....                  (no boots)
Stlth    ..........             (no amulet)
HPRegen  0.21/turn              l - ring of protection from cold
MPRegen  0.10/turn              s - ring of positive energy

@: berserking, very quick
A: negative energy resistance 1, electricity resistance, unbreathing,
petrification resistance, rot immunity, AC +4
a: Berserk, Trog's Hand, Renounce Religion


You were on level 5 of the Dungeon.
You worshipped Trog.
Trog was most pleased with you.
You were not hungry.

You visited 1 branch of the dungeon, and saw 5 of its levels.

You collected 291 gold pieces.
You spent 84 gold pieces at shops.

Inventory:

Hand Weapons
 v - a +0 war axe (weapon)
Armour
 m - a +0 scale mail (worn)
Jewellery
 l - a ring of protection from cold (left hand)
 s - a ring of positive energy (right hand)
Wands
 b - a wand of flame (26)
Scrolls
 a - a scroll of random uselessness {unknown}
 f - 6 scrolls of remove curse {unknown}
 h - 3 scrolls of enchant armour {unknown}
 i - a scroll of enchant weapon {unknown}
 k - a scroll of noise {unknown}
 n - 2 scrolls of amnesia {unknown}
 p - 3 scrolls of identify {unknown}
 q - a scroll of blinking {unknown}
 r - 2 scrolls of fog {unknown}
Potions
 d - a potion of curing {unknown}
 e - 4 potions of lignification {unknown}
 g - a potion of invisibility {unknown}
 j - a potion of flight {unknown}
 o - a potion of might {unknown}
 t - a potion of heal wounds {unknown}
 u - a potion of brilliance {unknown}
Comestibles
 c - 4 rations


   Skills:
 + Level 4.5 Fighting
 + Level 5.4 Axes
 + Level 3.9 Armour
 + Level 2.7 Dodging
 + Level 1.1 Stealth


You had 6 spell levels left.
You didn't know any spells.
Your spell library was empty.

Dungeon Overview and Level Annotations

Branches:
Dungeon (5/15)
 Temple: D:4-7

Altars:
Kikubaaqudgha
Makhleb
Okawaru
Sif Muna
Vehumet
Zin

Shops:
D:4 (


Innate Abilities, Weirdness & Mutations

You are resistant to torment.
Your stone body is resilient. (AC +4)
You are immune to poison.
You resist negative energy. (rN+)
You are resistant to electric shocks. (rElec)
You can survive without breathing.
You are immune to petrification.
You are immune to rotting.


Message History

The ogre closely misses you.
Unknown command.
You slash the ogre!
The ogre is heavily wounded.
You closely miss the scorpion. The scorpion stings you.
* * * LOW HITPOINT WARNING * * *
Unknown command.
You slash the ogre!
The ogre is almost dead.
You closely miss the scorpion. The ogre closely misses you.
The scorpion stings you.
* * * LOW HITPOINT WARNING * * *
Unknown command.
Unknown command.
You closely miss the ogre.
The ogre is almost dead.
You slash the scorpion! The scorpion stings you.
* * * LOW HITPOINT WARNING * * *
The ogre hits you with a giant club!
You die...

#. )...# #..
....# ..# .....#
#.# .....#
#.##.....#
#........#
#.Os.....#
#.@†.....#
####........#
#(.'...######
#######.##...#
#..(....##...#
###.############
#.....#
#>#############
#.# #.........#


You could see an ogre and a scorpion.

Vanquished Creatures
  An ice beast (D:5)
  An ogre (D:4)
  A centaur (D:3)
  2 orc wizards (D:4)
  2 worker ants (D:4)
  5 adders
  An ooze (D:2)
  2 worms
  2 dart slugs
  2 leopard geckos
  10 orcs
  2 ball pythons
  4 giant cockroaches
  10 goblins
  6 hobgoblins
  4 jackals (D:3)
  4 quokkas
  9 bats
  4 frilled lizards
  4 kobolds
  2 rats (D:2)
78 creatures vanquished.

Vanquished Creatures (others)
  19 toadstools (D:4)
19 creatures vanquished.

Grand Total: 97 creatures vanquished

Notes
Turn   | Place    | Note
-------+----------+-------------------------------------------
     0 | D:1      | Fang the Gargoyle Berserker began the quest for the Orb.
     0 | D:1      | Reached XP level 1. HP: 14/14 MP: 1/1
   148 | D:1      | Reached XP level 2. HP: 14/19 MP: 2/2
   278 | D:1      | Reached skill level 3 in Axes
   768 | D:2      | Reached XP level 3. HP: 21/24 MP: 3/3
   840 | D:2      | Found an iron altar of Okawaru.
  1052 | D:2      | Reached XP level 4. HP: 25/29 MP: 4/4
  1202 | D:2      | Reached ** piety under Trog
  1711 | D:3      | Noticed a centaur
  1724 | D:3      | Killed a centaur
  1724 | D:3      | Reached skill level 4 in Axes
  1724 | D:3      | Reached XP level 5. HP: 18/33 MP: 5/5
  2245 | D:3      | Found a burning altar of Makhleb.
  2555 | D:4      | Reached XP level 6. HP: 22/38 MP: 6/6
  2766 | D:4      | Found Wughaox's Antique Weapon Shoppe.
  2769 | D:4      | Bought a war axe for 84 gold pieces
  2926 | D:4      | Found an ancient bone altar of Kikubaaqudgha.
  2938 | D:4      | Reached *** piety under Trog
  3072 | D:4      | Found a deep blue altar of Sif Muna.
  3085 | D:4      | Found a radiant altar of Vehumet.
  3131 | D:4      | Reached skill level 5 in Axes
  3131 | D:4      | Reached skill level 1 in Stealth
  3529 | D:4      | Found a glowing silver altar of Zin.
  3683 | D:5      | Entered Level 5 of the Dungeon
  3685 | D:5      | Noticed an ice beast
  3692 | D:5      | Killed an ice beast
  3692 | D:5      | Reached XP level 7. HP: 36/44 MP: 7/7
  3740 | D:5      | Slain by an ogre

Skill      XL: |  1  2  3  4  5  6 |
---------------+-------------------+-----
Axes           | 3 4 5 |  5.4
Dodging        | 2 |  2.7
Fighting       | 4 |  4.5
Armour         | 3 |  3.9
Stealth        | 1 |  1.1

Action                   |  1- 3 |  4- 6 |  7- 9 || total
-------------------------+-------+-------+-------++-------
Melee: Hand axe          |   101 |   130 |       ||   231
       War axe           |       |    38 |     8 ||    46
Invok: Berserk           |       |     2 |     1 ||     3
  Eat: Chunk             |     1 |     8 |       ||     9
       Ration            |       |       |     1 ||     1
Armor: Animal skin       |    16 |       |       ||    16
       Scale mail        |    59 |    95 |     2 ||   156
Dodge: Dodged            |    83 |   108 |     6 ||   197
